Map: Ruins of Seras

Players

bdy - Winner!

  • Race: Zerg Zerg
  • League: Grandmaster

JFDeimos

  • Race: Zerg Zerg
  • League: Grandmaster

VOD

Have the link to the VOD?

Description

Time

  • Played on: June 5, 2015, 8:54 p.m.
  • Length: 6:17
Show
View Real Time Build Order
Export as new Build Order

bdy Zerg - Winner!

Build Orders: Pool First, Lurkers 

Get SALT Encoding   

  12  0:01  Drone  
  13  0:08  Drone  
  13  0:14  Extractor x2  
  13  0:18  Drone  
  13  0:23  Drone  
  14  0:32  Overlord  
  14  0:51  Drone  
  14  0:52  Drone  
  16  1:05  Spawning Pool  
  16  1:08  Drone  
  16  1:12  Drone  
  16  1:17  Drone  
  18  1:28  Drone  
  19  1:38  Drone  
  20  1:53  Lair  
  20  1:55  Drone  
  21  2:02  Drone  
  22  2:19  Hatchery  
  22  2:30  Drone  
  22  2:31  Overlord  
  22  2:46  Overlord  
  22  2:55  Drone  
  22  2:56  Drone  
  24  3:02  Hydralisk Den  
  23  3:20  Drone x2  
  23  3:26  Evolution Chamber, Queen  
  26  3:27  Lurker Den  
  26  3:33  Drone x2  
  28  3:40  Drone  
  29  3:43  Hydralisk  
  29  3:45  Queen  
  33  3:52  Hydralisk  
  35  3:57  Hydralisk  
  35  4:01  Drone  
  38  4:06  Zerg Missile Weapons Level 1  
  38  4:14  Hydralisk  
  38  4:16  Hydralisk  
  42  4:32  Hydralisk  
  42  4:33  Overlord x2  
  44  4:47  Overlord  
  44  4:52  Drone, Extractor  
  44  4:53  Drone x5  
  44  4:54  Extractor  
  44  4:59  Lurker x2  
  50  5:00  Lurker  
  50  5:04  Lurker  
  50  5:06  Lurker  
  53  5:09  Lurker  
  53  5:12  Overseer  
  54  5:18  Drone  
  54  5:19  Drone x2  
  57  5:28  Hydralisk  
  57  5:29  Hydralisk  
  61  5:35  Drone  
  61  5:36  Drone  
  61  5:38  Drone  
  61  5:41  Drone  
  61  5:42  Drone  
  66  5:45  Drone  
  66  5:48  Drone  
Show
View Real Time Build Order
Export as new Build Order

JFDeimos Zerg 

Build Orders: Hatch First 

Get SALT Encoding   

  12  0:03  Drone  
  13  0:10  Drone  
  14  0:17  Extractor  
  14  0:19  Drone  
  14  0:23  Overlord  
  14  0:42  Drone x2  
  16  0:46  Drone  
  17  1:02  Hatchery  
  16  1:16  Spawning Pool  
  15  1:20  Drone  
  15  1:23  Drone  
  17  1:27  Drone  
  17  1:32  Drone  
  19  1:50  Drone  
  20  2:00  Overlord  
  20  2:05  Lair  
  20  2:14  Queen  
  20  2:15  Drone  
  23  2:19  Spine Crawler  
  23  2:21  Drone x2  
  24  2:32  Drone x2  
  26  2:46  Drone x2  
  26  2:49  Drone, Extractor  
  26  2:50  Drone  
  29  3:01  Zergling x2  
  29  3:02  Zergling x2  
  29  3:04  Queen  
  33  3:08  Hydralisk Den  
  33  3:09  Drone x2  
  34  3:18  Overlord  
  34  3:28  Zergling x4  
  34  3:31  Overlord  
  36  3:39  Lurker Den  
  36  3:47  Baneling Nest, Drone x4  
  39  4:08  Drone x4  
  42  4:22  Ventral Sacs  
  42  4:23  Drone  
  42  4:24  Drone x5  
  48  4:25  Drone  
  48  4:26  Drone x3  
  48  4:29  Extractor  
  51  4:31  Baneling  
  51  4:33  Baneling  
  51  4:39  Drone  
  51  4:41  Overlord  
  51  4:42  Overlord  
  52  4:59  Extractor  
  51  5:01  Drone x3  
  51  5:02  Drone x3  
  57  5:09  Evolution Chamber x2  
  57  5:13  Drone x3  
  58  5:15  Roach Warren  
  57  5:31  Hydralisk  
  57  5:32  Hydralisk x4  
  57  5:34  Pneumatized Carapace  
  66  5:59  Overseer  
Tags
 
Add a new tag
Caveats
  • Supply blocks, unpowered buildings, or Contaminate may cause inaccurate times.
  • Supply counts are checked every 10 seconds.